 Dungeon Crawl Stone Soup version 0.30.0-18-gc0e69614cb (webtiles) character file.

Game seed: 601513504701801926

1749 jasper the Insei (level 8, -8/59 (62) HPs)
             Began as a Demonspawn Transmuter on May 25, 2023.
             Was an Initiate of Cheibriados.
             Mangled by a wight
             ... wielding a +3 dire flail
              (14 damage)
             ... on level 6 of the Dungeon.
             The game lasted 00:14:49 (7269 turns).

jasper the Insei (Demonspawn Transmuter)            Turns: 7269, Time: 00:14:50

HP:   -8/59 (62)    AC:  7    Str: 12    XL:     8   Next: 78%
MP:   11/11         EV: 12    Int: 18    God:    Cheibriados [......]
Gold: 43            SH:  5    Dex: 14    Spells: 3/11 levels left

rFire   + +          .
                       - Unarmed
rCold   + + .        o - +0 buckler
rNeg    . . .        r - +3 leather armour of the Fiend {rF+ rC+ rCorr Stlth+}
rPois   .            (no helmet)
rElec   .            C - scarf {rC+ rF+}
rCorr   +            l - +0 pair of gloves
SInv    .            (no boots)
Will    +....        p - amulet of magic regeneration
Stlth   ++           e - ring of resist corrosion
HPRegen 0.29/turn    b - ring of willpower
MPRegen 0.52/turn

%: no passive effects
@: studying Transmutations, lightly drained, very slow
A: demonic magic 1, weakness stinger 2
a: Renounce Religion


You were on level 6 of the Dungeon.
You worshipped Cheibriados.
Cheibriados was noncommittal.
You visited 2 branches of the dungeon, and saw 8 of its levels.

You collected 347 gold pieces.
You spent 304 gold pieces at shops.

Inventory:

Missiles
 d - 71 stones (quivered)
 q - 15 poisoned darts
Armour
 a - a +0 robe
 c - a +0 ring mail
 l - a +0 pair of gloves (worn)
 n - a +1 cloak
 o - a +0 buckler (worn)
 r - the +3 leather armour of the Fiend (worn) {rF+ rC+ rCorr Stlth+}
   (You bought it in a shop on level 7 of the Dungeon)

   rF:        It protects you from fire.
   rC:        It protects you from cold.
   rCorr:     It protects you from acid and corrosion.
   Stlth:     It makes you more stealthy.
 w - a +0 leather armour
 y - a +0 pair of gloves
 C - a scarf of resistance (worn)
Jewellery
 b - a ring of willpower (right hand)
 e - a ring of resist corrosion (left hand)
 m - an amulet of faith
 p - an amulet of magic regeneration (around neck)
 z - a ring of wizardry
Wands
 f - a wand of flame (21)
 i - a wand of mindburst (13)
 v - a wand of charming (6)
 x - a wand of digging (4)
Scrolls
 g - 3 scrolls of identify
 j - a scroll of teleportation
 t - 2 scrolls of amnesia
 A - a scroll of enchant weapon
 D - 2 scrolls of enchant armour {unknown}
Potions
 h - a potion of degeneration
 k - 3 potions of magic
 s - 2 potions of flight
 u - a potion of attraction
 B - a potion of brilliance


   Skills:
 + Level 5.0 Fighting
 + Level 3.6 Dodging
 - Level 5.5 Shields
 * Level 7.1 Unarmed Combat
 - Level 2.0 Spellcasting
 - Level 1.7 Transmutations


You had 3 spell levels left.
You knew the following spells:

 Your Spells              Type           Power      Damage    Failure   Level
a - Passage of Golubria   Tloc           1%         N/A       97%         4
b - Wereblood             Tmut           8%         N/A       22%         2
c - Passwall              Tmut/Erth      3%         N/A       32%         2

Your spell library contained the following spells:

 Spells                   Type           Power      Damage    Failure   Level
 Beastly Appendage        Tmut           16%        N/A       16%         1
 Sandblast                Erth           2%         2d4       30%         1
 Summon Small Mammal      Summ           4%         N/A       30%         1
 Sublimation of Blood     Necr           1%         N/A       43%         2
 Spider Form              Tmut/Pois      4%         N/A       54%         3
 Call Canine Familiar     Summ           1%         N/A       67%         3
 Stone Arrow              Conj/Erth      2%         3d7       67%         3
 Summon Guardian Golem    Hex/Summ       1%         N/A       67%         3
 Ice Form                 Ice/Tmut       4%         N/A       91%         4
 Petrify                  Tmut/Erth      4%         N/A       91%         4
 Animate Armour           Summ/Erth      2%         N/A       97%         4
 Irradiate                Conj/Tmut      2%         3d12      99%         5
 Silence                  Hex/Air        0%         N/A       100%        5
 Lehudib's Crystal Spear  Conj/Erth      0%         10d2      100%        8


Dungeon Overview and Level Annotations

Branches:
Dungeon (7/15)             Temple (1/1) D:5

Altars:
Cheibriados
Hepliaklqana
Kikubaaqudgha
Makhleb
Okawaru
Qazlal
Ru
Sif Muna
Vehumet
Wu Jian
Xom
Yredelemnul

Shops:
D:3 ![?[(   D:7 [

Annotations:
D:6 Prince Ribbit


Innate Abilities, Weirdness & Mutations

Spells you cast may paralyse adjacent enemies.
You have a tail ending in a sharp stinger.


Message History

You closely miss the vampire mosquito.
Your tail-slap misses the vampire mosquito.
The vampire mosquito is severely damaged.
The vampire mosquito bites you!
The vampire mosquito draws strength from your injuries!
The vampire mosquito bites you.
The vampire mosquito draws strength from your injuries!
You take 10 damage, and have 23/62 hp.
You hit the vampire mosquito.
The vampire mosquito is heavily damaged.
Your surroundings suddenly seem different. 3 wights come into view.
Found a leather armour, 7 gold pieces and a runed glass wand.
Found a stone staircase leading up.
A bullfrog comes into view.
The wight hits you with a +3 dire flail.
You feel drained.
There is a stone staircase leading up here.
You take 5 damage, and have 20/61 hp.
The bullfrog gives a loud, deep croak!
The wight hits you with a +3 dire flail!
* * * LOW HITPOINT WARNING * * *
You feel drained.
* * * LOW HITPOINT WARNING * * *
You climb upwards.
Level annotation: Prince Ribbit
There is a stone staircase leading down here.
You take 15 damage, and have 5/59 hp.
MASSIVE DAMAGE!!
Okay, then.
Okay, then.
Unknown command.
You hit the wight.
The wight is moderately damaged.
You punch the wight!
The wight is severely damaged.
The wight closely misses you.
You hit the wight but do no damage.
The wight is severely damaged.
The wight hits you with a +3 dire flail!
You die...

# ###...# #.#
#.# #.# ...#
#.# #.# #.#
...####.####.#
..#
#......§.....#
###
#.#####.######
### #.. ####
..### ....#..
~~~~# #....#z#
≈≈≈~~~
#8..8#@#
≈≈≈≈≈≈
~8..8#........
~~~≈≈≈
~~..~########.
##~~~~ # ####


You could see a wight.

Vanquished Creatures
  A hornet (D:7)
  Duvessa (D:4)
  2 ice beasts
  An ogre (D:6)
  2 phantoms
  2 centaurs (D:5)
  Blork the orc (D:4)
  A kobold brigand (D:7)
  A bullfrog (Temple)
  Dowan (D:4)
  3 vampire bats (D:3)
  2 howler monkeys
  A jelly (Temple)
  A hound (D:6)
  3 iguanas
  2 sleepcaps
  Ijyb (D:4)
  2 orc wizards (D:4)
  3 gnolls (D:2)
  6 adders
  4 dart slugs
  4 orcs (D:4)
  3 ball pythons
  6 bats
  3 bat skeletons (D:3)
  3 bat zombies (D:3)
  3 endoplasms
  11 giant cockroaches
  4 goblins
  5 hobgoblins
  3 jackals (D:1)
  12 kobolds
  4 quokkas
  5 frilled lizards
  5 rats
112 creatures vanquished.

Notes
Turn   | Place    | Note
-------+----------+-------------------------------------------
     0 | D:1      | jasper the Demonspawn Transmuter began the quest for the
                  | Orb.
     0 | D:1      | Reached XP level 1. HP: 15/15 MP: 3/3
   326 | D:1      | Reached skill level 3 in Unarmed Combat
   340 | D:1      | Gained mutation: Spells you cast may paralyse adjacent
                  | enemies. [demonic ancestry]
   340 | D:1      | Reached XP level 2. HP: 21/21 MP: 5/5
   345 | D:1      | Learned a level 2 spell: Wereblood
   348 | D:1      | Learned a level 2 spell: Passwall
  1145 | D:2      | Gained mutation: You have a small tail. [demonic ancestry]
  1145 | D:2      | Reached XP level 3. HP: 8/27 MP: 4/6
  1312 | D:2      | Reached skill level 4 in Unarmed Combat
  1321 | D:2      | Reached XP level 4. HP: 33/33 MP: 7/7
  1478 | D:2      | Identified the +1 mace of Qadafrai {flame, Str+3}
  1941 | D:3      | Found Fumen's Magic Scroll Emporium.
  1953 | D:3      | Found Jytuthuejo's Antique Armour Emporium.
  1955 | D:3      | Found Hosh's Distillery.
  2091 | D:3      | Bought a potion of heal wounds for 65 gold pieces
  2091 | D:3      | Bought a potion of might for 52 gold pieces
  2538 | D:3      | Found Ymiaqa's Armour Boutique.
  2714 | D:3      | Found Nuilye's Antique Weapon Emporium.
  2842 | D:3      | Found a faded altar of an unknown god.
  2926 | D:3      | Reached XP level 5. HP: 39/39 MP: 8/8
  2926 | D:3      | Found an ancient bone altar of Kikubaaqudgha.
  2956 | D:3      | Reached skill level 5 in Unarmed Combat
  3331 | D:3      | Reached XP level 6. HP: 47/47 MP: 9/9
  3392 | D:3      | Identified a scroll of acquirement
  3392 | D:3      | Acquired a manual of Transmutations
  3545 | D:3      | Bought a +0 buckler for 54 gold pieces
  3730 | D:4      | Reached skill level 1 in Shields
  3766 | D:4      | Noticed an angel
  3766 | D:4      | Noticed Duvessa
  3766 | D:4      | Noticed Dowan
  3780 | D:4      | Killed Duvessa
  3788 | D:4      | Killed Dowan
  3934 | D:4      | Noticed Blork the orc
  3954 | D:4      | HP: 1/47 [Blork the orc/+4 short sword of flaming (4)]
  3957 | D:4      | Killed Blork the orc
  3958 | D:4      | Gained mutation: You have a tail ending in a sharp stinger.
                  | [demonic ancestry]
  3958 | D:4      | Reached XP level 7. HP: 2/52 MP: 10/10
  4309 | D:4      | Noticed Ijyb
  4332 | D:4      | Killed Ijyb
  5141 | D:5      | Entered Level 5 of the Dungeon
  5174 | D:5      | Reached skill level 5 in Shields
  5270 | D:5      | Found a sacrificial altar of Ru.
  5287 | D:5      | Became a worshipper of Ru the Awakened
  5299 | D:5      | Found a staircase to the Ecumenical Temple.
  5328 | Temple   | Entered the Ecumenical Temple
  5499 | Temple   | Fell from the grace of Ru
  5499 | Temple   | Became a worshipper of Cheibriados the Contemplative
  5559 | Temple   | Reached XP level 8. HP: 20/60 MP: 11/11
  5861 | D:5      | Learned a level 4 spell: Passage of Golubria
  6251 | D:5      | Reached skill level 6 in Unarmed Combat
  6784 | D:6      | Noticed Prince Ribbit
  7137 | D:7      | Noticed a hornet
  7142 | D:7      | Killed a hornet
  7143 | D:7      | Reached skill level 7 in Unarmed Combat
  7169 | D:7      | Found Viecenty's Antique Armour Shop.
  7172 | D:7      | Bought a fading leather armour for 133 gold pieces
  7172 | D:7      | Identified the +3 leather armour of the Fiend {rF+ rC+
                  | rCorr Stlth+} (You bought it in a shop on level 7 of the
                  | Dungeon)
  7213 | D:7      | Reached skill level 5 in Fighting
  7269 | D:6      | Mangled by a wight

Illustrated notes

Levels and vault maps discovered:
D:1:      lightli_arrival_boilingwater, layout_basic
D:2:      layout_basic
D:3:      layout_basic, kennysheep_vampire_church, gup_sewer_entry_pipe,
          chequers_ecumenical_altar_simple_redux, serial_rivers,
          chequers_serial_rivers_large_b, chequers_serial_rivers_micro_c,
          chequers_serial_rivers_small_a, chequers_serial_rivers_room_a,
          chequers_serial_rivers_small_a, chequers_serial_rivers_micro_a,
          serial_shops, shop, nicolae_shop_statue_plus, shop, shop, shop
D:4:      layout_loops_corners, zin_angel, lightli_ossuary_entry_decrepit_ruins,
          minmay_misc_feat_hallway, uniq_blork_the_orc, uniq_duvessa, uniq_ijyb
D:5:      layout_basic, nicolae_ru_awakened_eye, temple_statues
D:6:      wander_river, layout_loops_ring, dancing_weapons_uskayaw,
          uniq_prince_ribbit1, uniq_eustachio
D:7:      layout_loops_ring, kennysheep_mini, serial_shops,
          nicolae_shop_behind_doors, minmay_manual_moon
Temple:   minmay_temple_bridge_abc

Skill      XL: |  1  2  3  4  5  6  7  8 |
---------------+-------------------------+-----
Unarmed Combat | 3 4 5 7 |  7.1
Fighting       | 2 3 5 |  5.0
Shields        | 3 5 |  5.5
Dodging        | 2 3 |  3.6
Spellcasting   | |  2.0
Transmutations | |  1.7

Action                     |  1- 3 |  4- 6 |  7- 9 || total
---------------------------+-------+-------+-------++-------
  Melee: Unarmed           |    89 |   191 |   305 ||   585
         Headbutt          |     4 |     2 |       ||     6
         Kick              |     1 |     1 |       ||     2
         Punch             |     2 |     3 |       ||     5
         Tailslap          |     2 |    17 |    44 ||    63
  Throw: Stone             |     1 |     1 |     1 ||     3
         Dart              |       |       |     4 ||     4
   Cast: Beastly Appendage |     3 |     2 |       ||     5
  Evoke: Wand              |       |       |     3 ||     3
    Use: Scroll            |     4 |     8 |     4 ||    16
         Potion            |     1 |     5 |     4 ||    10
 Armour: Robe              |     5 |       |       ||     5
         Ring mail         |    37 |   114 |   117 ||   268
         Skin              |       |    13 |       ||    13
         Leather armour    |       |       |     6 ||     6
  Dodge: Dodged            |    48 |   147 |   120 ||   315
  Block: Buckler           |       |     7 |    50 ||    57
